 Dungeon Crawl Stone Soup version 0.17.1-2-g5865329 (webtiles) character file.

170 kaze the Ruffian (level 5, -7/53 HPs)
             Began as a Troll Berserker on Jan 20, 2016.
             Was a Believer of Trog.
             Mangled by Pikel
             ... wielding a +0 whip of electrocution
              (20 damage)
             ... on level 4 of the Dungeon.
             The game lasted 00:12:11 (1692 turns).

kaze the Ruffian (Troll Berserker)                  Turns: 1692, Time: 00:12:14

Health: -7/53      AC: 10    Str: 26    XL:     5   Next: 26%
Magic:  4/4        EV: 10    Int:  3    God:    Trog [**....]
Gold:   119        SH:  0    Dex:  9    Spells: 0 memorised, 4 levels left

rFire  . . .     SeeInvis .     t - +1 flail (protect)
rCold  . . .     Clarity  .     a - +0 animal skin
rNeg   + . .     SustAt   .     (no shield)
rPois  +         Gourm    +     (helmet restricted)
rElec  .         Spirit   .     (no cloak)
rCorr  .         Warding  .     (gloves unavailable)
rMut   .         Stasis   .     (boots unavailable)
MR     ++...                    (no amulet)
Stlth  +.........               r - ring of poison resistance
                                g - ring of positive energy

@: regenerating, very resistant to hostile enchantments, very unstealthy
A: unfitting armour, claws 3, fast metabolism 3, gourmand, regeneration 2,
shaggy fur 1, tough skin 2
a: Berserk, Trog's Hand, Burn Spellbooks, Renounce Religion


You were on level 4 of the Dungeon.
You worshipped Trog.
Trog was pleased with you.
You were not hungry.

You visited 1 branch of the dungeon, and saw 4 of its levels.

You collected 119 gold pieces.

Inventory:

Hand Weapons
 t - a +1 flail of protection (weapon)
Armour
 a - a +0 animal skin (worn)
Jewellery
 g - a ring of positive energy (left claw)
 r - a ring of poison resistance (right claw)
Wands
 i - a wand of polymorph (7)
Scrolls
 c - 4 scrolls of identify {unknown}
 j - a scroll of blinking {unknown}
 n - a scroll of fog {unknown}
 o - 2 scrolls of enchant weapon {unknown}
 p - 2 scrolls of remove curse {unknown}
 v - a scroll of random uselessness {unknown}
 w - a scroll of teleportation {unknown}
Potions
 e - a potion of curing {unknown}
 f - a potion of heal wounds {unknown}
 h - a potion of ambrosia {unknown}
 k - 2 potions of might {unknown}
 m - 2 potions of lignification {unknown}
 u - a potion of poison {unknown}
Comestibles
 b - 2 bread rations
 d - 4 chunks of flesh
 l - a royal jelly
 q - 4 fruits
 s - a slice of pizza


   Skills:
 + Level 3.2 Fighting
 * Level 1.5 Maces & Flails
 + Level 3.6 Dodging
 - Level 3.6 Unarmed Combat


You had 4 spell levels left.
You didn't know any spells.

Dungeon Overview and Level Annotations

Branches:
Dungeon (4/15)
 Temple: D:4-7

Altars:
Okawaru
Qazlal
Sif Muna
Trog
The Shining One

Shops:
D:4 (

Annotations:
D:4 Pikel


Innate Abilities, Weirdness & Mutations

You are too large for most types of armour.
You have claws for hands.
Your metabolism is lightning-fast.
You like to eat raw meat.
You heal very quickly.
You are covered in fur (AC +1).
You have very tough skin (AC +2).


Message History

The giant cockroach is moderately wounded.
Pikel hits you but does no damage.
You are electrocuted!
The slave hits you. The giant cockroach barely misses you. The slave hits you.
Pikel hits you with a whip of electrocution.
You closely miss the giant cockroach.
The giant cockroach is moderately wounded.
The giant cockroach barely misses you.
The giant cockroach bites you but does no damage.
Pikel hits you but does no damage. The slave hits you but does no damage.
You hit the giant cockroach.
You kill the giant cockroach!
Trog accepts your kill. The slave closely misses you.
Pikel hits you but does no damage.
You closely miss Pikel.
Pikel is lightly wounded.
The slave hits you.
Pikel hits you with a whip of electrocution!
* * * LOW HITPOINT WARNING * * *
You are electrocuted!
You die...

##........##
#..........#
#..........#
#......)...##
#............
#<.........#
##...p....###
##pKpp...#∩+
###@##..###
#.# .### #.#
# ###


You could see Pikel and 4 slaves.

Vanquished Creatures
  An iguana (D:3)
  An orc wizard (D:3)
  Robin (D:2)
  2 adders (D:3)
  An ooze (D:1)
  5 worms (D:3)
  7 orcs (D:3)
  A ball python (D:3)
  5 bats
  6 giant cockroaches
  11 hobgoblins
  2 kobolds
  2 giant geckos
  13 goblins
58 creatures vanquished.

Notes
Turn   | Place    | Note
--------------------------------------------------------------
     0 | D:1      | kaze the Troll Berserker began the quest for the Orb.
     0 | D:1      | Reached XP level 1. HP: 22/22 MP: 0/0
   232 | D:1      | Reached XP level 2. HP: 27/29 MP: 1/1
   388 | D:2      | Found a bloodstained altar of Trog.
   419 | D:2      | Noticed Robin
   454 | D:2      | Reached ** piety under Trog
   457 | D:2      | Reached XP level 3. HP: 19/36 MP: 2/2
   462 | D:2      | Killed Robin
   981 | D:3      | Found a glowing golden altar of the Shining One.
   981 | D:3      | Found an iron altar of Okawaru.
  1122 | D:3      | Reached XP level 4. HP: 45/45 MP: 3/3
  1127 | D:3      | Found a deep blue altar of Sif Muna.
  1250 | D:3      | Reached skill level 1 in Maces & Flails
  1350 | D:3      | Reached XP level 5. HP: 25/53 MP: 4/4
  1638 | D:3      | Found a stormy altar of Qazlal.
  1669 | D:4      | Noticed a slave
  1671 | D:4      | Noticed Pikel
  1671 | D:4      | Noticed a slave
  1672 | D:4      | Noticed a slave
  1673 | D:4      | Noticed a slave
  1681 | D:4      | Found Qioqek's Antique Weapon Emporium.
  1692 | D:4      | Mangled by Pikel

Action                   |  1- 3 |  4- 6 || total
-------------------------+-------+-------++-------
Melee: Unarmed           |    77 |       ||    77
       Flail             |    20 |    67 ||    87
Invok: Berserk           |       |     1 ||     1
       Trog's Hand       |       |     1 ||     1
  Eat: Chunk             |    14 |     3 ||    17
